 Dungeon Crawl Stone Soup version 0.27.0-1-g7a089689b8 (webtiles) character file.

Game seed: 13799580010766839478

737 MisterFreud the Cudgeller (level 7, -4/41 HPs)
             Began as a Gargoyle Fighter on July 31, 2021.
             Killed from afar by a white imp (9 damage)
             ... with a puff of frost
             ... on level 5 of the Dungeon.
             The game lasted 00:07:04 (4199 turns).

MisterFreud the Cudgeller (Gargoyle Fighter)        Turns: 4199, Time: 00:07:06

Health: -4/41      AC: 18    Str: 24    XL:     7   Next: 75%
Magic:  7/7        EV:  6    Int:  9    God:
Gold:   88         SH:  9    Dex:  9    Spells: 6/6 levels left

rFire    . . .     SeeInvis +   a - +0 flail
rCold    . . .     Faith    .   c - +0 kite shield
rNeg     + . .     Spirit   .   k - +0 chain mail
rPois    ∞         Reflect  .   r - +0 helmet
rElec    +         Harm     .   (no cloak)
rCorr    .         Rampage  .   v - +1 pair of gloves {Str+3}
Will     .....                  (no boots)
Stlth    ..........             (no amulet)
HPRegen  0.13/turn              j - ring of see invisible
MPRegen  0.10/turn              l - ring of willpower

@: weak-willed, on berserk cooldown, flying, slowed, very slow
A: sickness immunity, AC +4, negative energy resistance 1, electricity
resistance, torment resistance 1, petrification resistance
a: no special abilities


You were on level 5 of the Dungeon.
You visited 1 branch of the dungeon, and saw 5 of its levels.

You collected 153 gold pieces.
You spent 65 gold pieces at shops.

Inventory:

Hand Weapons
 a - a +0 flail (weapon)
Missiles
 s - 4 boomerangs (quivered)
Armour
 b - a +0 scale mail
 c - a +0 kite shield (worn)
 k - a +0 chain mail (worn)
 r - a +0 helmet (worn)
 v - a +1 pair of gloves of strength (worn)
Jewellery
 f - a ring of ice
 h - a +6 ring of intelligence
 j - a ring of see invisible (left hand)
 l - a ring of willpower (right hand)
 p - an amulet of regeneration
 B - a ring of ice
Scrolls
 e - a scroll of blinking {unknown}
 i - 2 scrolls of teleportation
 o - 2 scrolls of enchant armour {unknown}
 q - 3 scrolls of vulnerability
 x - a scroll of fear {unknown}
 y - a scroll of identify
 A - a scroll of acquirement {unknown}
Potions
 t - a potion of lignification
 u - a potion of resistance


   Skills:
 - Level 3.2 Fighting
 + Level 7.2 Maces & Flails
 - Level 6.0 Armour
 - Level 3.2 Shields


You had 6 spell levels left.
You didn't know any spells.
Your spell library contained the following spells:

 Spells                   Type           Power      Damage    Failure   Level
 Apportation              Tloc           0%         N/A       100%        1
 Magic Dart               Conj           0%         1d3       100%        1
 Ensorcelled Hibernation  Hex/Ice        0%         N/A       100%        2
 Searing Ray              Conj           0%         3d3       100%        2
 Spider Form              Tmut/Pois      0%         N/A       100%        3
 Fulminant Prism          Conj/Hex       0%         3d6       100%        4
 Alistair's Intoxication  Tmut/Pois      0%         N/A       100%        5
 Invisibility             Hex            0%         N/A       100%        6
 Shadow Creatures         Summ           N/A        N/A       100%        6


Dungeon Overview and Level Annotations

Branches:
Dungeon (5/15)
 Temple: D:4-7

Altars:
Makhleb
Beogh

Shops:
D:1 [===   D:3 *

Annotations:
D:4 Natasha


Innate Abilities, Weirdness & Mutations

You are immune to sickness and miasma.
Your stone body is resilient. (AC +4)
You are immune to poison.
You resist negative energy. (rN+)
You are resistant to electric shocks. (rElec)
You are resistant to unholy torment.
You are immune to petrification.


Message History

You feel better.
The gnoll hits you from afar with a +0 halberd!
* * * LOW HITPOINT WARNING * * *
You block the kobold brigand's attack.
The gnoll shaman hits you with a +0 club.
* * * LOW HITPOINT WARNING * * *
The gnoll hits you but does no damage. The kobold brigand barely misses you.
Unknown command.
Unknown command.
As you read the scroll labelled ALACOO RAUBB, it crumbles to dust.
Magic quickly surges around you.
It was a scroll of vulnerability.
The gnoll shaman hits you but does no damage.
The gnoll hits you but does no damage. You block the kobold brigand's attack.
The gnoll shaman hits you with a +0 club.
* * * LOW HITPOINT WARNING * * *
You feel better. You block the gnoll's attack.
The kobold brigand hits you with a +0 club.
* * * LOW HITPOINT WARNING * * *
The gnoll shaman hits you but does no damage.
The gnoll hits you but does no damage.
The kobold brigand hits you but does no damage.
Okay, then.
Unknown command.
As you read the scroll labelled YLASTO ICWI, it crumbles to dust.
You feel strangely unstable.
It was a scroll of teleportation.
You block the gnoll shaman's attack. The gnoll hits you but does no damage.
The kobold brigand hits you but does no damage.
The gnoll shaman hits you with a +0 club.
* * * LOW HITPOINT WARNING * * *
Okay, then.
Unknown command.
Unknown command.
You thump the kobold brigand!
The kobold brigand is almost dead.
Your surroundings suddenly seem different.
A white imp comes into view.
The white imp shouts!
The white imp gestures at you. The puff of frost hits you!
You die...

##......#
###..5....#
..........#
...Z......## ..
...?.......#...
#..............
#.............#
.......@#
....####......#
. .#.#... ## #


You could see a white imp and a scorpion zombie.

Vanquished Creatures
  Pikel (D:5)
  A vampire mosquito (D:4)
  A centaur (D:4)
  Robin (D:2)
  An adder (D:5)
  An ufetubus (D:4)
  A worm (D:4)
  An adder skeleton (D:4)
  2 dart slugs
  3 orcs
  An endoplasm (D:4)
  2 giant cockroaches (D:3)
  10 goblins
  10 hobgoblins
  2 jackals (D:3)
  5 ball pythons
  3 bats
  3 frilled lizards
  2 kobolds
  7 rats
58 creatures vanquished.

Vanquished Creatures (others)
  A goblin (D:2)
1 creature vanquished.

Grand Total: 59 creatures vanquished

Notes
Turn   | Place    | Note
-------+----------+-------------------------------------------
     0 | D:1      | MisterFreud the Gargoyle Fighter began the quest for the
                  | Orb.
     0 | D:1      | Reached XP level 1. HP: 14/14 MP: 1/1
    98 | D:1      | Noticed an orc priest
    98 | D:1      | Noticed an orc warrior
   279 | D:1      | Noticed an orc wizard
   315 | D:1      | Reached XP level 2. HP: 19/19 MP: 2/2
   316 | D:1      | Found Keummiesm's Jewellery Boutique.
   337 | D:1      | Found Vutong's Jewellery Shop.
   366 | D:1      | Found Qamutry's Antique Armour Shop.
   765 | D:1      | Reached skill level 3 in Maces & Flails
   878 | D:1      | Found Anliuq's Jewellery Shoppe.
  1752 | D:2      | Reached XP level 3. HP: 23/23 MP: 3/3
  1752 | D:2      | Found a burning altar of Makhleb.
  2149 | D:2      | Noticed Robin
  2161 | D:2      | Killed Robin
  2466 | D:3      | Reached XP level 4. HP: 28/28 MP: 4/4
  2655 | D:3      | Found Beqiv's General Store.
  2664 | D:3      | Bought a potion of curing for 39 gold pieces
  2664 | D:3      | Bought a scroll of identify for 26 gold pieces
  3380 | D:4      | Noticed a centaur
  3749 | D:4      | Killed a centaur
  3750 | D:4      | Reached skill level 4 in Maces & Flails
  3750 | D:4      | Reached XP level 5. HP: 8/32 MP: 5/5
  4131 | D:4      | Noticed Natasha
  4138 | D:5      | Entered Level 5 of the Dungeon
  4138 | D:5      | Noticed a vampire mosquito
  4156 | D:5      | Noticed a lemure
  4156 | D:5      | Noticed Pikel
  4157 | D:5      | Noticed a lemure
  4157 | D:5      | Noticed a lemure
  4163 | D:4      | Noticed a kobold brigand
  4166 | D:4      | Killed a vampire mosquito
  4167 | D:4      | Reached skill level 5 in Maces & Flails
  4167 | D:4      | Reached skill level 5 in Armour
  4167 | D:4      | Reached XP level 6. HP: 17/37 MP: 6/6
  4168 | D:4      | Noticed a two-headed ogre
  4190 | D:5      | Killed Pikel
  4191 | D:5      | Reached skill level 7 in Maces & Flails
  4191 | D:5      | Reached XP level 7. HP: 23/41 MP: 7/7
  4199 | D:5      | Killed from afar by a white imp

Illustrated notes

Levels and vault maps discovered:
D:1:      erik_arrival_cave_to_civilisation [erik_arrival_cave_to_temple],
          layout_basic, serial_shops, shop, shop_fountains, nicolae_square_shop,
          shop, minmay_misc_feat_alley
D:2:      layout_loops_cross, basic_altar, uniq_robin
D:3:      layout_loops_ring, serial_shops, shop_fountains
D:4:      layout_gridville, minmay_misc_feat_iff, uniq_natasha
D:5:      layout_rooms, mainiacjoe_overflow_alcove_2, gup_sewer_entry_bubbles,
          uniq_prince_ribbit1, uniq_pikel

Skill      XL: |  1  2  3  4  5  6 |
---------------+-------------------+-----
Maces & Flails | 3 4 5 7 |  7.2
Armour         | 4 5 6 |  6.0
Fighting       | |  3.2
Shields        | |  3.2

Action                   |  1- 3 |  4- 6 |  7- 9 || total
-------------------------+-------+-------+-------++-------
Melee: Flail             |   147 |   100 |     4 ||   251
Throw: Throwing net      |       |     1 |       ||     1
       Boomerang         |       |     2 |       ||     2
  Use: Scroll            |       |     3 |     2 ||     5
       Potion            |       |     7 |     3 ||    10
Armor: Scale mail        |    32 |       |       ||    32
       Chain mail        |    93 |    93 |    11 ||   197
       Skin              |       |    14 |       ||    14
Dodge: Dodged            |    43 |    34 |     1 ||    78
Block: Kite shield       |    78 |    86 |     7 ||   171
